 Dungeon Crawl Stone Soup version 0.21.1-1-g345015fe64 (webtiles) character file.

33718 Peloso the Fencer (level 13, 0/113 (116) HPs)
             Began as a Minotaur Fighter on July 17, 2018.
             Was the Champion of Okawaru.
             Engulfed by a death drake (shapeshifter)'s foul pestilence (8 damage)
             ... on level 15 of the Dungeon.
             The game lasted 00:32:34 (14686 turns).

Peloso the Fencer (Minotaur Fighter)               Turns: 14686, Time: 00:32:35

HP:   0/113 (116)   AC: 31    Str: 27    XL:     13   Next: 38%
MP:   13/13         EV: 13    Int:  8    God:    Okawaru [******]
Gold: 988           SH: 14    Dex: 12    Spells: 12/12 levels left

rFire    + + .     SeeInvis .   a - +7 falchion of the Exiled Moons {slice, +Blink rPois MR+ Str+3}
rCold    . . .     Gourm    .   N - +0 shield {AC+3}
rNeg     . . .     Faith    +   y - +11 plate armour of Dogma {-Cast Int+3}
rPois    +         Spirit   .   (helmet restricted)
rElec    .         Reflect  .   S - scarf {rC+ rF+}
rCorr    .         Harm     .   Q - +0 pair of gloves
MR       +....     NoCast   +   (no boots)
Stlth    ..........             q - amulet of faith
HPRegen  0.28/turn              u - ring of fire
MPRegen  0.13/turn              t - +4 ring of evasion

@: slowed, very slow
A: retaliatory headbutt, horns 2
a: Heroism, Finesse, Renounce Religion, Evoke Blink


You were on level 15 of the Dungeon.
You worshipped Okawaru.
Okawaru was exalted by your worship.
You were hungry.

You visited 2 branches of the dungeon, and saw 16 of its levels.
You also visited: Sewer.

You collected 988 gold pieces.

Inventory:

Hand Weapons
 a - the +7 falchion of the Exiled Moons (weapon) {slice, +Blink rPois MR+ Str+3}
   (Okawaru gifted it to you on level 10 of the Dungeon)

   It inflicts extra damage upon your enemies.
   It affects your strength (+3).
   It protects you from poison.
   It affects your resistance to hostile enchantments.
   It lets you blink.
Armour
 i - a +2 plate armour of poison resistance
 y - the +11 plate armour of Dogma (worn) {-Cast Int+3}
   (Okawaru gifted it to you on level 12 of the Dungeon)

   It affects your intelligence (+3).
   It prevents spellcasting.
 N - a +0 shield of protection (worn)
 Q - a +0 pair of gloves (worn)
 S - a scarf of resistance (worn)
Jewellery
 l - an uncursed ring of wizardry
 q - an amulet of faith (around neck)
 s - an uncursed amulet of regeneration
 t - a +4 ring of evasion (right hand)
 u - a ring of fire (left hand)
 C - an uncursed amulet of harm
Wands
 k - a wand of flame (19)
 n - a wand of iceblast (12)
 w - a wand of polymorph (11)
 x - a wand of random effects (29)
 z - a wand of paralysis (27)
 B - a wand of disintegration (32)
 D - a wand of acid (11)
 E - a wand of enslavement (23)
Scrolls
 d - a scroll of immolation {unknown}
 g - 3 scrolls of amnesia
 j - 4 scrolls of enchant weapon
 m - 10 scrolls of teleportation
 o - 4 scrolls of noise
 p - 9 scrolls of remove curse
 v - 3 scrolls of enchant armour
 G - 2 scrolls of blinking
 K - a scroll of fear
 L - a scroll of magic mapping
 M - a scroll of identify
 P - a scroll of vulnerability {unknown}
 R - a scroll of brand weapon {unknown}
Potions
 b - 3 potions of curing
 c - a potion of berserk rage {unknown}
 e - 4 potions of heal wounds
 h - 3 potions of haste
 I - 2 potions of resistance
Books
 r - a book of Changes

   Spells                             Type                      Level
   a - Beastly Appendage              Transmutation                1
   b - Sticks to Snakes               Transmutation                2
   c - Spider Form                    Transmutation/Poison         3
   d - Ice Form                       Ice/Transmutation            4
   e - Blade Hands                    Transmutation                5
 A - a book of Maledictions

   Spells                             Type                      Level
   a - Corona                         Hexes                        1
   b - Ensorcelled Hibernation        Hexes/Ice                    2
   c - Confuse                        Hexes                        3
   d - Tukima's Dance                 Hexes                        3
   e - Dazzling Spray                 Conjuration/Hexes            3
 F - a book of Enchantments

   Spells                             Type                      Level
   a - Cause Fear                     Hexes                        4
   b - Yara's Violent Unravelling     Hexes/Transmutation          5
   c - Silence                        Hexes/Air                    5
   d - Deflect Missiles               Charms/Air                   6
   e - Discord                        Hexes                        8
 J - a book of Power

   Spells                             Type                      Level
   a - Iskenderun's Battlesphere      Conjuration/Charms           5
   b - Venom Bolt                     Conjuration/Poison           5
   c - Bolt of Magma                  Conjuration/Fire/Earth       5
   d - Iron Shot                      Conjuration/Earth            6
   e - Orb of Destruction             Conjuration                  7
   f - Spellforged Servitor           Conjuration/Summoning        7
 O - a book of Cantrips

   Spells                             Type                      Level
   a - Confusing Touch                Hexes                        1
   b - Animate Skeleton               Necromancy                   1
   c - Summon Small Mammal            Summoning                    1
   d - Apportation                    Translocation                1
Comestibles
 f - 36 rations
 H - 3 chunks of flesh


   Skills:
 + Level 11.5 Fighting
 + Level 15.1 Long Blades
 + Level 12.9 Armour
 + Level 2.9 Dodging
 + Level 2.1 Stealth
 + Level 14.4 Shields
 + Level 0.7 Unarmed Combat
 + Level 0.8 Invocations
 + Level 1.3 Evocations


You had 12 spell levels left.
You didn't know any spells.

Dungeon Overview and Level Annotations

Branches:
Dungeon (15/15)            Temple (1/1) D:7            Lair (0/6) D:9
    Orc (0/2) D:11         Vaults (0/5) D:13
 Depths: D:15

Altars:
Ashenzari
Cheibriados
Dithmenos
Elyvilon
Fedhas
Gozag
Hepliaklqana
Kikubaaqudgha
Makhleb
Nemelex Xobeh
Okawaru
Qazlal
Sif Muna
Trog
Vehumet
Xom
Yredelemnul
Zin

Shops:
D:13 :


Innate Abilities, Weirdness & Mutations

You reflexively headbutt those who attack you in melee.
You have a pair of horns on your head.


Message History

You are engulfed in dark miasma.
You feel your flesh rotting away!
You feel as though you will be slow longer.
* * * LOW HITPOINT WARNING * * *
The death drake completely misses you.
You riposte.
You hit the death drake.
The death drake is severely wounded.
You slash the death drake!
The death drake is almost dead.
You are engulfed in dark miasma.
You feel your flesh rotting away!
You feel as though you will be slow longer.
* * * LOW HITPOINT WARNING * * *
You block the death drake's attack.
The death drake bites you but does no damage.
You hit the death drake but do no damage.
The death drake is almost dead.
You are engulfed in dark miasma.
You feel your flesh rotting away!
You feel as though you will be slow longer.
You die...

......$. #.F.... ..
#k§...# ..# #.§...
######## ...##.§§.#
#....... ......§.§#
#....... #.....§§#
#....... #...§######
###..### #...§§k@§§#
#...#
..##..§####§########.#.#
...#...####§#........#†#
......#..##.§§.#....###†#
.......^.....###.#.## #.#
[.....##..##..#....# #.#
###### ##+####...### #.#
#..### #.# #....# ##.#


You could see a death drake.

Vanquished Creatures
  Nessos (D:12)
  Erolcha (D:9)
  The ghost of Devirk the Carver, a journeyman HOFi of Makhleb (D:9)
  4 centaur warriors
  6 two-headed ogres
  A death knight (D:12)
  A tengu warrior (D:13)
  Urug (D:10)
  An orc knight (D:13)
  4 cyclopes
  10 ugly things
  2 manticores (D:14)
  3 centaur skeletons
  3 gargoyles
  2 rust devils (D:7)
  A kobold demonologist (D:14)
  A komodo dragon (D:9)
  A tengu conjurer (D:13)
  3 trolls
  3 hippogriffs
  A spriggan (D:11)
  4 wraiths
  A shadow (D:12)
  A basilisk (shapeshifter) (D:14)
  A basilisk (D:14)
  17 humans
  Menkaure (D:5)
  A steam dragon (D:11)
  A vampire mosquito (D:13)
  2 acid dragons
  Duvessa (D:7)
  A water moccasin (D:9)
  8 orc warriors
  Purgy (Sewer)
  4 phantoms
  5 sky beasts
  3 black bears
  An ice beast (D:11)
  11 ogres
  An eye of draining (D:13)
  A crocodile (D:10)
  5 centaurs
  4 big kobolds
  12 bullfrogs
  Dowan (D:7)
  A scorpion (D:4)
  A wyvern skeleton (D:8)
  3 killer bees (D:11)
  15 wights
  5 howler monkeys (D:8)
  6 crimson imps
  4 hounds
  6 jellies
  2 bullfrog skeletons
  3 centaur zombies
  9 orc wizards
  12 orc priests
  4 iguanas
  13 worker ants
  Natasha (twice) (D:3)
  12 adders
  4 gnolls
  A howler monkey skeleton (D:5)
  4 shadow imps
  An adder skeleton (D:7)
  An adder zombie (D:5)
  2 worms (D:4)
  2 dart slugs
  8 leopard geckos
  36 orcs
  A ball python (D:3)
  11 giant cockroaches
  2 goblins (D:1)
  10 hobgoblins
  26 jackals
  5 quokkas
  11 bats
  6 frilled lizards
  A jackal skeleton (D:4)
  19 kobolds
  A quokka skeleton (D:8)
  8 rats
397 creatures vanquished.

Vanquished Creatures (others)
  An orc (D:11)
  A plant (D:9)
2 creatures vanquished.

Grand Total: 399 creatures vanquished

Notes
Turn   | Place    | Note
-------+----------+-------------------------------------------
     0 | D:1      | Peloso the Minotaur Fighter began the quest for the Orb.
     0 | D:1      | Reached XP level 1. HP: 19/19 MP: 0/0
   286 | D:1      | Reached XP level 2. HP: 27/27 MP: 1/1
   662 | D:1      | Reached XP level 3. HP: 33/33 MP: 2/2
   834 | D:2      | Reached skill level 3 in Long Blades
  1007 | D:2      | Found a blossoming altar of Fedhas.
  1804 | D:3      | Reached XP level 4. HP: 40/40 MP: 3/3
  1955 | D:3      | Found a white marble altar of Elyvilon.
  2189 | D:3      | Noticed Natasha
  2197 | D:3      | Killed Natasha
  2397 | D:3      | Noticed Natasha
  2408 | D:3      | Killed Natasha
  2408 | D:3      | Reached skill level 1 in Dodging
  2527 | D:3      | Reached XP level 5. HP: 46/47 MP: 4/4
  2560 | D:3      | Reached skill level 4 in Long Blades
  2888 | D:4      | Found a glowing drain.
  2892 | Sewer    | Entered a sewer
  2943 | Sewer    | Noticed Purgy
  2961 | Sewer    | Killed Purgy
  2961 | Sewer    | Reached skill level 5 in Long Blades
  2961 | Sewer    | Reached XP level 6. HP: 39/53 MP: 5/5
  3045 | D:4      | Reached skill level 5 in Armour
  3130 | D:4      | Reached skill level 5 in Shields
  3186 | D:4      | Reached XP level 7. HP: 27/60 MP: 6/6
  3499 | D:4      | Found a shadowy altar of Dithmenos.
  3614 | D:4      | Reached skill level 6 in Long Blades
  3683 | D:4      | Reached skill level 5 in Fighting
  4138 | D:5      | Entered Level 5 of the Dungeon
  4162 | D:5      | Noticed Menkaure
  4170 | D:5      | Killed Menkaure
  4206 | D:5      | Reached skill level 7 in Long Blades
  4235 | D:5      | Reached skill level 1 in Stealth
  4235 | D:5      | Reached XP level 8. HP: 68/68 MP: 7/7
  5181 | D:6      | Reached skill level 8 in Long Blades
  5498 | D:6      | Reached skill level 9 in Long Blades
  5673 | D:6      | Reached XP level 9. HP: 75/75 MP: 8/8
  6074 | D:6      | Noticed a rust devil
  6074 | D:6      | Noticed a rust devil
  6448 | D:7      | Noticed Dowan
  6450 | D:7      | Noticed Duvessa
  6460 | D:7      | Killed Duvessa
  6537 | D:7      | Killed Dowan
  6585 | D:7      | Found a staircase to the Ecumenical Temple.
  6593 | Temple   | Entered the Ecumenical Temple
  6652 | Temple   | Became a worshipper of Warmaster Okawaru
  7648 | D:8      | Reached skill level 10 in Long Blades
  7661 | D:8      | Reached * piety under Okawaru
  7661 | D:8      | Reached skill level 10 in Shields
  7777 | D:8      | Noticed a two-headed ogre
  7784 | D:8      | Killed a two-headed ogre
  7784 | D:8      | Reached XP level 10. HP: 36/86 MP: 9/9
  8054 | D:8      | Reached skill level 1 in Evocations
  8092 | D:8      | Reached ** piety under Okawaru
  8105 | D:8      | Noticed a two-headed ogre
  8114 | D:8      | Killed a two-headed ogre
  8114 | D:8      | Reached skill level 11 in Long Blades
  8435 | D:8      | You fall through a shaft for 2 floors!
  8435 | D:10     | Entered Level 10 of the Dungeon
  8463 | D:10     | Reached *** piety under Okawaru
  8536 | D:9      | Noticed Devirk's ghost (journeyman HOFi)
  8549 | D:9      | Killed Devirk's ghost
  9031 | D:8      | Found a burning altar of Makhleb.
  9031 | D:8      | Found a faded altar of an unknown god.
  9036 | D:8      | Found a basalt altar of Yredelemnul.
  9038 | D:8      | Found a faded altar of an unknown god.
  9039 | D:8      | Found a radiant altar of Vehumet.
  9273 | D:7      | Killed a rust devil
  9462 | D:7      | Killed a rust devil
  9462 | D:7      | Reached **** piety under Okawaru
  9589 | D:9      | Found a staircase to the Lair.
  9663 | D:9      | Reached XP level 11. HP: 87/94 MP: 11/11
  9688 | D:9      | Noticed a two-headed ogre
  9700 | D:9      | Killed a two-headed ogre
  9700 | D:9      | Reached skill level 12 in Long Blades
  9729 | D:9      | Reached ***** piety under Okawaru
  9815 | D:9      | Noticed Erolcha
  9824 | D:9      | Killed Erolcha
  9824 | D:9      | Reached skill level 10 in Armour
 10419 | D:10     | Noticed Urug
 10442 | D:10     | Killed Urug
 10442 | D:10     | Received a gift from Okawaru
 10447 | D:10     | Got a faintly glowing falchion {god gift}
 10448 | D:10     | Identified the +7 falchion of the Exiled Moons {slice, +Blink rPois MR+ Str+3} (Okawaru gifted it to you on level 10 of the Dungeon)
 11612 | D:11     | Found a staircase to the Orcish Mines.
 11825 | D:12     | Reached skill level 13 in Long Blades
 11834 | D:12     | Reached ****** piety under Okawaru
 11891 | D:12     | Received a gift from Okawaru
 11955 | D:12     | Noticed a death knight
 11987 | D:12     | Killed a death knight
 12040 | D:12     | Noticed a two-headed ogre
 12051 | D:12     | Killed a two-headed ogre
 12051 | D:12     | Received a gift from Okawaru
 12060 | D:12     | Got a faintly glowing plate armour {god gift}
 12066 | D:12     | Identified the +11 plate armour of Dogma {-Cast Int+3} (Okawaru gifted it to you on level 12 of the Dungeon)
 12230 | D:12     | Reached XP level 12. HP: 77/104 MP: 12/12
 12294 | D:12     | Noticed Nessos
 12322 | D:12     | Killed Nessos
 12689 | D:13     | Noticed a centaur warrior
 12699 | D:13     | Noticed a two-headed ogre
 12725 | D:13     | Killed a centaur warrior
 12738 | D:13     | Killed a two-headed ogre
 12738 | D:13     | Reached skill level 10 in Fighting
 12773 | D:13     | Reached skill level 14 in Long Blades
 12815 | D:13     | Found a gate to the Vaults.
 13153 | D:13     | Found Kaisaqur's Book Shoppe.
 13293 | D:13     | Noticed a tengu warrior
 13314 | D:13     | Killed a tengu warrior
 13489 | D:14     | Noticed a centaur warrior
 13504 | D:14     | Killed a centaur warrior
 13504 | D:14     | Received a gift from Okawaru
 13655 | D:14     | Reached XP level 13. HP: 79/116 MP: 13/13
 14434 | D:14     | Found a basalt altar of Yredelemnul.
 14469 | D:15     | Entered Level 15 of the Dungeon
 14590 | D:15     | Reached skill level 15 in Long Blades
 14596 | D:15     | Received a gift from Okawaru
 14686 | D:15     | Engulfed by a death drake (shapeshifter)'s foul pestilence

Skill      XL: |  1  2  3  4  5  6  7  8  9 10 11 12 13 |
---------------+----------------------------------------+-----
Shields        | 4 5 6 7 10 11 12 13 14 | 14.4
Fighting       | 4 5 6 7 8 9 11 | 11.5
Armour         | 4 5 6 7 8 9 11 12 | 12.9
Long Blades    | 3 5 7 9 10 11 13 14 15 | 15.1
Dodging        | 1 2 |  2.9
Stealth        | 1 2 |  2.1
Evocations     | 1 |  1.3
Unarmed Combat | |  0.7
Invocations    | |  0.8

Action                   |  1- 3 |  4- 6 |  7- 9 | 10-12 | 13-15 || total
-------------------------+-------+-------+-------+-------+-------++-------
Melee: Long sword        |    98 |   172 |   336 |   248 |       ||   854
       Headbutt          |    13 |    23 |    74 |   191 |    48 ||   349
       Unarmed           |       |       |     3 |       |       ||     3
       Falchion          |       |       |       |   469 |   171 ||   640
Invok: Heroism           |       |       |       |     6 |       ||     6
Evoke: Wand              |       |       |     2 |       |       ||     2
  Use: Scroll            |       |     9 |     3 |     7 |     1 ||    20
       Potion            |       |     1 |       |     1 |     2 ||     4
  Eat: Ration            |     1 |       |       |     1 |       ||     2
       Chunk             |       |     4 |    15 |    15 |     4 ||    38
Armor: Scale mail        |    40 |       |       |       |       ||    40
       Chain mail        |     4 |   103 |    45 |       |       ||   152
       Plate armour      |       |       |    37 |   178 |    39 ||   254
Dodge: Dodged            |    41 |    65 |    88 |   177 |    34 ||   405
Block: Shield            |    66 |   108 |   145 |   355 |    61 ||   735
       Rpst.: Long sword |     9 |    16 |    29 |    14 |       ||    68
       Falchion          |       |       |       |    22 |     8 ||    30
